Map: Abyssal Reef LE

Players

Railgan - Winner!

  • Race: Zerg Zerg
  • League: Grandmaster
  • Spawn Location: 5:00

IIIIIIIIIIII

  • Race: Terran Terran
  • League: Grandmaster
  • Spawn Location: 11:00

VOD

Have the link to the VOD?

Description

Time

  • Played on: March 19, 2017, 5:55 p.m.
  • Length: 20:27
Show
View Real Time Build Order
Export as new Build Order

Railgan Zerg - Winner!

Build Orders: Pool First, Lurkers 

Get SALT Encoding   

  12  0:01  Drone  
  13  0:13  Overlord  
  13  0:17  Drone  
  14  0:31  Drone x2  
  14  0:35  Drone  
  17  0:46  Spawning Pool  
  17  0:48  Drone  
  17  0:56  Drone  
  18  1:12  Hatchery  
  18  1:13  Extractor  
  18  1:17  Drone  
  17  1:20  Drone  
  18  1:34  Roach Warren, Zergling x2  
  18  1:39  Drone  
  19  1:46  Queen  
  21  1:49  Drone  
  22  2:00  Overlord  
  22  2:20  Roach  
  22  2:21  Queen  
  22  2:22  Roach  
  28  2:25  Roach  
  30  2:30  Queen  
  32  2:37  Overlord  
  32  2:47  Drone x2  
  32  2:48  Drone  
  35  2:55  Drone x2  
  36  3:02  Drone  
  36  3:03  Drone  
  38  3:09  Lair  
  38  3:14  Drone  
  38  3:17  Overlord  
  39  3:21  Drone  
  39  3:25  Drone  
  39  3:26  Drone  
  42  3:29  Drone x2  
  44  3:45  Drone x2  
  44  3:46  Drone x4  
  50  3:50  Drone  
  50  3:54  Extractor  
  50  3:55  Extractor  
  49  3:59  Overlord  
  49  4:00  Drone  
  50  4:04  Drone x2  
  50  4:05  Extractor  
  50  4:09  Hydralisk Den, Glial Reconstitution  
  50  4:14  Drone x2  
  52  4:21  Drone x4  
  54  4:24  Queen  
  54  4:26  Overlord  
  54  4:27  Roach  
  58  4:33  Queen  
  60  4:46  Drone  
  60  4:47  Muscular Augments  
  60  4:51  Roach x3  
  67  4:56  Overlord  
  67  4:58  Drone  
  68  5:00  Evolution Chamber  
  68  5:01  Evolution Chamber  
  68  5:02  Roach  
  68  5:18  Hydralisk x2  
  72  5:26  Zerg Missile Weapons Level 1, Zerg Ground Armor Level 1  
  72  5:29  Hatchery  
  72  5:34  Roach x2  
  75  5:39  Overlord x2  
  75  5:48  Overlord  
  75  5:49  Overlord  
  75  5:52  Overlord  
  75  5:53  Overlord  
  75  6:04  Hydralisk x3  
  75  6:05  Hydralisk  
  83  6:14  Hydralisk x2  
  85  6:19  Hatchery  
  85  6:22  Drone x2  
  86  6:29  Roach  
  86  6:30  Roach, Lurker Den  
  86  6:32  Drone  
  91  6:34  Roach x2  
  93  6:48  Overlord  
  93  6:49  Hydralisk  
  93  6:50  Hydralisk  
  98  6:54  Drone x2  
  98  6:59  Drone x3  
  102  7:03  Overlord  
  102  7:04  Ravager  
  102  7:05  Ravager x2  
  102  7:07  Drone x3  
  108  7:14  Drone x2  
  110  7:17  Overlord  
  110  7:28  Pneumatized Carapace  
  110  7:29  Zerg Missile Weapons Level 2  
  110  7:31  Drone x5  
  110  7:32  Extractor  
  110  7:35  Extractor  
  113  7:42  Roach x3  
  113  7:43  Roach  
  121  7:47  Overlord  
  121  7:49  Overlord  
  121  7:53  Roach x2  
  121  7:54  Overlord  
  112  8:20  Drone  
  109  8:30  Queen x2  
  109  8:31  Queen  
  115  8:34  Drone  
  115  8:35  Drone x3  
  115  8:36  Drone x2, Overlord  
  115  8:38  Lurker x4  
  125  8:43  Metabolic Boost  
  125  8:49  Hatchery  
  125  8:52  Zergling x16  
  132  9:16  Zergling x2  
  133  9:19  Infestation Pit  
  133  9:22  Zergling x2  
  133  9:28  Hydralisk  
  86  9:44  Drone x5  
  86  9:45  Overlord  
  91  9:46  Hydralisk  
  91  9:47  Hydralisk x11  
  115  9:57  Drone, Hive  
  116  10:01  Zerg Ground Armor Level 2  
  116  10:03  Drone x3  
  116  10:04  Drone  
  120  10:08  Zerg Melee Weapons Level 1  
  120  10:20  Lurker  
  120  10:21  Drone, Lurker  
  123  10:23  Drone  
  123  10:27  Zergling x6  
  127  10:33  Zergling x18  
  136  10:36  Hydralisk  
  136  10:37  Hydralisk  
  140  10:44  Hydralisk  
  139  10:59  Hydralisk x2  
  139  11:01  Drone x2  
  139  11:02  Drone  
  139  11:03  Extractor, Overlord  
  139  11:04  Extractor, Hydralisk x3  
  148  11:14  Drone, Queen x3  
  148  11:15  Queen  
  148  11:17  Hydralisk x2  
  158  11:25  Hydralisk x2  
  154  11:26  Hydralisk x5  
  154  11:32  Hydralisk  
  146  11:34  Hydralisk x3  
  146  11:36  Hydralisk  
  146  11:37  Zergling x2  
  146  11:38  Viper  
  154  11:44  Hydralisk  
  137  11:48  Hydralisk  
  137  11:50  Hydralisk x2  
  137  11:51  Zergling x4  
  139  11:57  Lurker  
  139  12:01  Zergling x6  
  139  12:13  Zergling x6  
  140  12:22  Hydralisk x2  
  142  12:26  Hydralisk x5  
  142  12:28  Zergling x2  
  152  12:30  Hatchery  
  152  12:33  Zergling x4  
  152  12:36  Overlord  
  130  12:52  Zergling x2  
  130  12:54  Zergling x2  
  111  13:02  Drone  
  111  13:05  Zergling x14  
  117  13:07  Viper  
  117  13:08  Viper  
  117  13:10  Ultralisk Cavern, Hatchery  
  112  13:30  Zergling x2  
  112  13:31  Zergling x10  
  108  13:37  Zerg Melee Weapons Level 2  
  108  13:38  Zerg Ground Armor Level 3  
  108  13:43  Drone  
  108  13:44  Drone x2  
  108  13:47  Hydralisk  
  113  13:49  Hydralisk  
  113  13:50  Hydralisk  
  117  13:56  Extractor  
  117  14:01  Ultralisk  
  122  14:03  Chitinous Plating  
  122  14:07  Zergling x4  
  122  14:08  Extractor  
  123  14:10  Extractor  
  123  14:14  Drone x2  
  124  14:18  Drone  
  124  14:19  Drone  
  124  14:20  Hydralisk, Drone x2  
  124  14:21  Zergling x4  
  132  14:25  Lurker x4  
  132  14:26  Zergling x2  
  126  14:39  Zergling x2  
  126  14:42  Drone x3  
  129  14:51  Drone  
  130  14:58  Queen  
  130  14:59  Queen x2  
  136  15:03  Ultralisk  
  136  15:06  Hatchery  
  141  15:07  Overlord  
  141  15:13  Overlord  
  141  15:16  Ultralisk  
  141  15:18  Hydralisk  
  147  15:23  Hydralisk  
  143  15:30  Hydralisk  
  143  15:31  Hydralisk x2  
  149  15:41  Queen  
  146  15:50  Hydralisk  
  146  15:52  Ultralisk x2  
  146  15:54  Lurker x5  
  165  16:05  Zergling x6  
  165  16:16  Zergling x2  
  163  16:26  Zergling x2  
  163  16:29  Zergling x6  
  165  16:42  Zergling x2  
  165  16:43  Hydralisk, Zergling x10  
  165  16:45  Zerg Melee Weapons Level 3  
  165  16:46  Zerg Missile Weapons Level 3  
  162  16:54  Drone x4  
  162  16:55  Drone  
  162  16:56  Hydralisk  
  162  16:58  Hydralisk  
  162  16:59  Hydralisk x4  
  162  17:00  Ultralisk x2  
  191  17:05  Hydralisk, Spire  
  191  17:07  Zergling x2  
  166  17:25  Hydralisk x5  
  166  17:31  Drone  
  166  17:32  Drone x3  
  170  17:42  Hydralisk x2  
  174  17:46  Drone x3  
  177  17:57  Zergling x2  
  177  17:58  Hydralisk, Zergling x8  
  178  18:17  Corruptor x3  
  184  18:20  Greater Spire  
  184  18:25  Hatchery  
  183  18:30  Zergling x14  
  183  18:31  Adrenal Glands  
  183  18:33  Zergling x4  
  191  18:35  Drone x2  
  189  18:44  Drone x2  
  191  18:52  Hatchery  
  190  18:59  Drone x2  
  190  19:00  Drone x3  
  190  19:01  Corruptor  
  192  19:07  Extractor  
  192  19:09  Extractor  
  187  19:28  Ultralisk x2  
  196  19:36  Spine Crawler, Spore Crawler  
  194  19:39  Brood Lord x3  
Show
View Real Time Build Order
Export as new Build Order

IIIIIIIIIIII Terran 

Build Orders: Reaper Expand, Bio Tank 

Get SALT Encoding   

  12  0:01  SCV  
  13  0:13  SCV  
  14  0:17  Supply Depot  
  14  0:25  SCV  
  15  0:39  SCV  
  15  0:41  Barracks  
  16  0:44  Refinery  
  16  0:51  SCV  
  17  1:03  SCV  
  18  1:15  SCV  
  19  1:28  Reaper, Orbital Command  
  20  1:43  Command Center  
  20  1:53  SCV  
  21  1:58  Barracks  
  21  2:03  Barracks Reactor  
  21  2:06  SCV  
  21  2:12  Refinery  
  21  2:16  Supply Depot  
  21  2:20  SCV  
  22  2:32  SCV  
  22  2:34  Factory  
  23  2:41  Marine  
  23  2:42  Marine  
  23  2:44  SCV  
  26  2:56  SCV  
  26  2:59  Barracks Tech Lab  
  26  3:02  Marine x2  
  27  3:08  SCV  
  28  3:13  Orbital Command  
  28  3:19  Marauder  
  29  3:21  Marine  
  29  3:24  Marine  
  31  3:30  SCV  
  32  3:36  Stimpack  
  32  3:42  SCV  
  32  3:48  SCV  
  34  3:54  SCV  
  34  3:55  Factory Reactor  
  35  3:56  Marine, Starport  
  35  3:59  Marine  
  35  4:01  SCV  
  38  4:05  Marine  
  38  4:08  SCV  
  40  4:13  SCV  
  40  4:14  Supply Depot  
  40  4:16  Marine  
  42  4:19  Marine  
  42  4:20  SCV  
  42  4:23  Marine  
  44  4:26  SCV  
  45  4:32  SCV  
  45  4:37  Marine  
  47  4:40  Medivac x2  
  47  4:41  Supply Depot  
  47  4:42  Engineering Bay, SCV  
  47  4:44  SCV  
  47  4:45  Marine  
  54  5:02  Marine  
  54  5:03  SCV x2  
  54  5:06  Marine x2  
  59  5:10  Medivac, Terran Infantry Weapons Level 1  
  59  5:13  Supply Depot  
  61  5:17  SCV  
  61  5:20  Command Center  
  62  5:26  Missile Turret  
  62  5:28  Factory Tech Lab  
  62  5:35  Marine x3, SCV x2  
  67  5:37  Supply Depot x2  
  67  5:39  Combat Shields  
  67  5:47  SCV  
  68  5:52  Marine  
  68  5:54  SCV  
  70  5:58  Siege Tank  
  70  5:59  SCV  
  70  6:02  Barracks  
  74  6:06  SCV  
  74  6:07  Refinery  
  74  6:09  Liberator x2, Supply Depot, Refinery  
  74  6:11  Marine, Marauder  
  78  6:14  SCV  
  77  6:24  Marine  
  77  6:25  Bunker  
  77  6:27  SCV  
  77  6:28  SCV  
  77  6:31  Marine  
  84  6:38  Orbital Command  
  85  6:40  SCV x2  
  85  6:44  Marine x2  
  88  6:47  Supply Depot  
  88  6:52  SCV  
  88  6:53  Siege Tank  
  92  6:56  Barracks Tech Lab  
  92  7:01  Barracks  
  92  7:02  Barracks  
  92  7:04  SCV x2  
  92  7:07  SCV  
  92  7:08  Marine  
  96  7:16  SCV  
  96  7:17  Marine x2  
  96  7:19  Marauder  
  96  7:20  Terran Infantry Armor Level 1  
  96  7:21  SCV x2  
  103  7:28  SCV  
  103  7:29  Marine  
  105  7:33  SCV  
  105  7:34  Marine  
  105  7:35  Siege Tank, Marauder, SCV  
  113  7:39  Marine  
  113  7:40  Supply Depot, SCV  
  113  7:43  Armory  
  115  7:45  SCV  
  115  7:46  Engineering Bay  
  115  7:47  Marine  
  115  7:48  SCV  
  115  7:49  Barracks Reactor  
  118  7:51  Barracks Reactor  
  118  7:52  Marine  
  118  7:53  SCV  
  118  7:57  Marine, Marauder, SCV  
  123  8:01  Medivac  
  123  8:05  Marine  
  125  8:10  Marine  
  127  8:13  Siege Tank, Medivac  
  127  8:16  Marauder  
  127  8:18  Marauder  
  131  8:20  SCV  
  131  8:21  SCV  
  131  8:23  Marine  
  131  8:25  Marine  
  131  8:26  SCV  
  116  8:27  Refinery  
  116  8:28  Marine  
  116  8:29  Refinery  
  116  8:33  SCV  
  117  8:34  Medivac  
  117  8:36  Marine, Sensor Tower  
  117  8:37  Marine x2, Marauder  
  117  8:39  Marine  
  117  8:41  Marine, Factory  
  126  8:47  Marine x2, Supply Depot  
  126  8:48  Siege Tank  
  131  8:49  Supply Depot  
  131  8:56  Marine  
  131  8:57  Marine  
  133  9:04  Terran Infantry Weapons Level 2  
  133  9:07  Supply Depot  
  133  9:08  Marine x5  
  133  9:09  Marauder  
  140  9:10  Supply Depot  
  140  9:18  Terran Infantry Armor Level 2  
  140  9:19  Terran Vehicle Weapons Level 1  
  139  9:25  Command Center  
  139  9:30  Siege Tank  
  116  9:32  Marine, Marauder  
  116  9:37  Factory Tech Lab  
  116  9:38  Medivac  
  117  9:44  Marine x5, Marauder  
  123  9:49  Marine  
  123  9:50  Barracks, Supply Depot  
  123  9:51  Barracks  
  124  9:53  Marine  
  124  9:54  Barracks  
  124  9:56  Medivac  
  127  10:00  Liberator  
  127  10:01  Marine  
  127  10:02  Marine, Siege Tank  
  127  10:04  Marine x3  
  127  10:06  Marauder  
  137  10:14  Marauder  
  137  10:19  Marine x2  
  144  10:24  Marine x3  
  144  10:26  Marine  
  144  10:27  Siege Tank, Marauder  
  152  10:36  Marine, Marauder  
  152  10:38  Marine  
  152  10:41  Command Center  
  156  10:48  Siege Tank, Marauder  
  159  10:54  Marine  
  93  10:57  Marauder, Liberator  
  159  10:59  Siege Tank  
  164  11:05  Marine  
  164  11:10  Marauder  
  160  11:20  Siege Tank  
  163  11:29  Command Center x2  
  163  11:31  Siege Tank  
  151  11:36  Marine x4, Marauder  
  151  11:38  Marauder  
  151  11:39  Marine x2  
  158  11:46  Marine  
  147  11:52  Siege Tank, Medivac  
  147  11:53  Marine  
  152  11:58  Marauder  
  152  11:59  Marauder  
  156  12:03  Siege Tank  
  154  12:12  Viking  
  152  12:19  Marauder  
  152  12:21  Marine x4, Marauder, Barracks Tech Lab  
  152  12:22  Barracks Reactor, Viking  
  162  12:30  Orbital Command  
  162  12:32  Siege Tank  
  165  12:40  Bunker  
  165  12:41  Marine x2, Marauder  
  166  12:49  Siege Tank  
  166  12:50  Marine, Marauder  
  166  12:51  Medivac, Marauder  
  145  12:52  Marine x3  
  130  12:58  Marine x2  
  130  13:02  Marauder  
  130  13:03  Marine  
  123  13:11  Planetary Fortress  
  123  13:12  Marauder  
  125  13:13  Orbital Command  
  125  13:19  Marine  
  122  13:20  Marauder  
  122  13:21  Orbital Command x2  
  122  13:23  Orbital Command  
  122  13:24  Marine, Marauder  
  110  13:28  Marine  
  110  13:33  Marauder  
  106  13:36  Marine x3  
  106  13:37  Refinery  
  106  13:40  SCV  
  112  13:41  Marauder  
  112  13:52  SCV  
  112  13:55  Marine x4, Marauder  
  119  13:56  Marine x2  
  119  14:00  Marine x2  
  119  14:01  Marauder  
  125  14:04  Sensor Tower, SCV  
  126  14:10  Marine  
  126  14:12  Terran Infantry Weapons Level 3  
  126  14:13  Marine x2  
  129  14:19  Marine  
  129  14:20  Marauder, Refinery  
  132  14:26  Siege Tank  
  119  14:40  Marine x7, Marauder  
  119  14:42  Siege Tank  
  119  14:44  Marine  
  119  14:45  Marauder  
  130  14:48  Marauder  
  130  14:57  Missile Turret, Marine x2  
  130  14:58  Siege Tank  
  134  15:01  Marine, Marauder  
  134  15:02  Marine x2  
  134  15:05  Refinery, SCV x5  
  134  15:06  Marauder, Refinery  
  146  15:10  Liberator  
  146  15:11  Marine  
  146  15:12  Marauder  
  149  15:14  Medivac  
  149  15:18  Marine x2  
  149  15:21  Siege Tank  
  156  15:23  Marauder  
  156  15:28  Marauder  
  154  15:40  Marine x2  
  154  15:41  Siege Tank, Marauder, Orbital Command  
  141  15:53  Siege Tank  
  141  15:54  SCV x4  
  148  15:59  Terran Infantry Armor Level 3  
  148  16:06  SCV  
  148  16:07  Liberator  
  148  16:09  Marine, Marauder  
  151  16:13  Siege Tank  
  151  16:15  Marine x2  
  151  16:16  Marauder  
  160  16:30  Medivac  
  162  16:37  Siege Tank  
  153  16:42  Marine, Marauder  
  153  16:44  Marine x2, Marauder  
  155  16:56  Marine x3  
  155  16:57  Marine, Marauder  
  156  17:02  Siege Tank  
  159  17:10  Command Center  
  159  17:14  Marauder  
  158  17:21  Siege Tank  
  133  17:26  Marine, Marauder  
  133  17:27  Medivac  
  133  17:30  Medivac  
  133  17:33  Marine  
  133  17:34  Siege Tank, Marauder  
  133  17:36  Marauder  
  143  17:42  Marine  
  144  17:46  Marine  
  144  17:47  Marauder  
  146  17:52  Marine  
  146  17:55  Marauder, Liberator  
  146  17:56  Liberator  
  146  17:57  Marauder  
  147  18:00  Marine  
  140  18:09  Marauder  
  138  18:16  Marine  
  138  18:17  Marine x2  
  142  18:23  Planetary Fortress  
  142  18:24  Starport  
  139  18:30  Marine x2, Marauder x2  
  139  18:33  Marine  
  146  18:34  Marine  
  146  18:36  Marine  
  148  18:41  Marine  
  148  18:42  Marauder  
  148  18:45  Fusion Core  
  150  18:55  Marine, Marauder x2  
  152  18:59  Siege Tank, Liberator x2  
  155  19:07  Marauder  
  157  19:16  Marauder  
  168  19:27  Starport Tech Lab, Orbital Command  
  168  19:28  Supply Depot  
  168  19:29  Marine x2  
  168  19:30  Marine, Marauder x2  
  169  19:39  Marine x2  
  169  19:40  Marine, Marauder  
  174  19:50  Marine  
  174  19:51  Marauder  
  174  19:52  Siege Tank  
  183  19:54  Marine x2  
Tags
 
Add a new tag
Caveats
  • Supply blocks, unpowered buildings, or Contaminate may cause inaccurate times.
  • Supply counts are checked every 10 seconds.